 Dungeon Crawl Stone Soup version 0.22-a0-525-gf69a080 (webtiles) character file.

118815 Supahsalami the Severer (level 16, -24/159 HPs)
             Began as a Minotaur Berserker on June 20, 2018.
             Was a High Priest of Trog.
             Annihilated by an azure jelly (43 damage)
             ... on level 6 of the Lair of Beasts.
             The game lasted 02:34:51 (27400 turns).

Supahsalami the Severer (Minotaur Berserker)       Turns: 27400, Time: 02:34:52

Health: -24/159    AC: 27    Str: 29    XL:     16   Next: 26%
Magic:  3/5        EV: 10    Int:  8    God:    Trog [*****.]
Gold:   2447       SH:  0    Dex: 17    Spells: 15/15 levels left

rFire    + . .     SeeInvis .   y - +6 executioner's axe (antimagic)
rCold    . . .     Gourm    .   (shield currently unavailable)
rNeg     . . .     Faith    .   s - +3 plate armour {rF+}
rPois    +         Spirit   .   (helmet restricted)
rElec    +         Reflect  .   M - +0 cloak
rCorr    +         Harm     .   h - +0 pair of gloves
MR       +++..                  d - +1 pair of boots
Stlth    ..........             o - amulet of regeneration
HPRegen  1.76/turn              C - ring "Udinuvoiha" {rCorr rElec Int+4 Dex+7}
MPRegen  0.09/turn              r - ring of poison resistance

@: regenerating
A: retaliatory headbutt, horns 2
a: Berserk, Trog's Hand, Brothers in Arms, Renounce Religion


You were on level 6 of the Lair of Beasts.
You worshipped Trog.
Trog was extremely pleased with you.
You were not hungry.

You visited 7 branches of the dungeon, and saw 28 of its levels.
You also visited: Ossuary and Ice Cave.

You collected 3189 gold pieces.
You spent 742 gold pieces at shops.

Inventory:

Hand Weapons
 j - the +7 battleaxe of Autotheism {venom, *Rage rN+++ Dex-4 SInv}
   (Trog gifted it to you on level 13 of the Dungeon)

   It poisons the flesh of those it strikes.
   It affects your dexterity (-4).
   It renders you almost immune to negative energy.
   It lets you see invisible.
   It may make you go berserk in combat.
 y - a +6 antimagic executioner's axe (weapon)
 S - the +14 obsidian axe {chop, +Fly SInv *Curse}
   (You found it on level 9 of the Dungeon)

   It inflicts extra damage upon your enemies.
   It lets you see invisible.
   It lets you fly.
   It curses itself when equipped.
Missiles
 B - 31 tomahawks (quivered)
Armour
 d - a +1 pair of boots (worn)
 h - a +0 pair of gloves (worn)
 s - a +3 plate armour of fire resistance (worn)
 M - a +0 cloak (worn)
Jewellery
 m - an uncursed ring of protection from fire
 o - an amulet of regeneration (around neck)
 r - a ring of poison resistance (right hand)
 C - the ring "Udinuvoiha" (left hand) {rCorr rElec Int+4 Dex+7}
   (You found it on level 5 of the Dungeon)

   [ring of resist corrosion]

   It affects your intelligence (+4).
   It affects your dexterity (+7).
   It insulates you from electricity.
 T - an uncursed ring of protection from magic
 Z - the amulet "Qimiq" {Faith rElec}
   (You found it in an ice cave)

   [amulet of faith]

   It allows you to gain divine favour quickly.
   It insulates you from electricity.
Wands
 a - a wand of acid (11)
 l - a wand of paralysis (15)
 E - a wand of enslavement (17)
 I - a wand of disintegration (18)
 N - a wand of polymorph (10)
 O - a wand of digging (43)
 Q - a wand of flame (45)
Scrolls
 e - 4 scrolls of enchant weapon
 g - 11 scrolls of teleportation
 n - a scroll of magic mapping
 u - 3 scrolls of silence
 z - 11 scrolls of remove curse
 G - 10 scrolls of identify
 H - 4 scrolls of blinking
 U - a scroll of fog
 W - 2 scrolls of enchant armour
 X - 2 scrolls of summoning
 Y - 2 scrolls of fear
Potions
 b - 3 potions of agility
 f - 5 potions of flight
 i - 2 potions of invisibility
 k - 2 potions of might
 p - 2 potions of lignification
 q - a potion of magic
 t - 15 potions of curing
 v - 2 potions of cancellation
 w - 2 potions of resistance
 x - 7 potions of mutation
 A - 5 potions of haste
 D - a potion of brilliance
 F - a potion of berserk rage
 L - 3 potions of ambrosia
 P - 2 potions of heal wounds
Miscellaneous
 J - a crystal ball of energy
 R - a lightning rod (4/4)
Comestibles
 c - 36 rations


   Skills:
 + Level 18.8 Fighting
 * Level 20.2 Axes
 + Level 18.6 Armour
 - Level 2.2 Dodging


You had 15 spell levels left.
You didn't know any spells.
Your spell library was empty.

Dungeon Overview and Level Annotations

Branches:
Dungeon (15/15)            Temple (1/1) D:7            Lair (6/6) D:11
 Shoals (0/4) Lair:3        Snake (1/4) Lair:4        Slime (2/5) Lair:6
    Orc (2/2) D:12            Elf (1/3) Orc:2        Vaults (0/5) D:14
 Depths (0/5) D:15

Altars:
Ashenzari
Cheibriados
Dithmenos
Elyvilon
Fedhas
Gozag
Hepliaklqana
Kikubaaqudgha
Makhleb
Nemelex Xobeh
Okawaru
Qazlal
Ru
Sif Muna
Trog
Uskayaw
Vehumet
Wu Jian
Xom
Yredelemnul
Zin
The Shining One
Beogh
Jiyva

Shops:
D:9 }   D:10 [   D:11 *?   D:12 }   D:13 *   Orc:1 (   Orc:2 (=%=   Elf:1 (

Annotations:
Lair:2 3 runed doors, exclusion: 3 doors, Bukan's ghost, journeyman DEFE
Lair:4 3 runed doors, exclusion: 3 doors, Xodoxeg's ghost, journeyman NaWz
Lair:5 1 runed door, exclusion: door, Dukluodd's ghost, journeyman HaGl


Innate Abilities, Weirdness & Mutations

You reflexively headbutt those who attack you in melee.
You have a pair of horns on your head.


Message History

The azure jelly hits you but does no damage. x3
The slime creature seems to regain its courage.
There is a staircase back to the Lair here.
The azure jelly hits you but does no damage. x3
The azure jelly barely misses you.
You climb upwards.
Welcome back to the Lair of Beasts!
There is a staircase to the Slime Pits here.
You slice the azure jelly!! You headbutt the azure jelly!
The azure jelly is heavily wounded.
The azure jelly hits you.
* * * LOW HITPOINT WARNING * * *
The azure jelly freezes you!!
* * * LOW HITPOINT WARNING * * *
The azure jelly hits you but does no damage. x2
The azure jelly hits you.
* * * LOW HITPOINT WARNING * * *
You feel better. The azure jelly closely misses you. The azure jelly hits you.
* * * LOW HITPOINT WARNING * * *
The azure jelly freezes you!!!
You die...

#........P###..##....#
##.......PPP#...#.#...#
#..........P..........#
............P.....#.<.###
........................#
..........#..........####
...........#.........P##
.............##._J.....#
................@.....##
......P..............##
###..P..#.P#.##.......#
##P#P##..#####.#..###
######### #.##### ###


You could see an azure jelly.

Vanquished Creatures
  A fire giant (D:15)
  Nessos (Lair:4)
  A fire dragon (Lair:6)
  9 hydras
  Harold (Orc:1)
  3 vault guards (D:14)
  2 ice dragons (IceCv)
  3 centaur warriors
  A catoblepas (D:15)
  21 two-headed ogres
  8 death yaks (Lair:6)
  A tengu warrior (D:13)
  5 ogre magi
  A shock serpent (Snake:1)
  Sonja (D:15)
  Nergalle (Lair:4)
  4 deep elf knights (Elf:1)
  6 skeletal warriors
  A lindwurm (Lair:6)
  3 deep elf archers (Elf:1)
  An orc knight (Orc:1)
  Pikel (D:4)
  An oklob plant (D:11)
  7 deep elf magi
  2 orc sorcerers
  2 cyclopes
  16 slime creatures
  A guardian serpent (Snake:1)
  2 centaur zombies (D:14)
  2 ugly things
  Psyche (D:10)
  3 molten gargoyles (Lair:6)
  8 black mambas
  2 ice statues (IceCv)
  9 elephants (Lair:5)
  3 gargoyles
  A torpor snail (Lair:6)
  14 spiny frogs
  3 rime drakes
  3 freezing wraiths (D:14)
  3 komodo dragons
  A tengu conjurer (D:15)
  4 polar bears
  5 trolls
  A hornet (D:10)
  Prince Ribbit (Lair:2)
  A blink frog (shapeshifter) (D:15)
  8 hippogriffs
  29 blink frogs
  11 dream sheep
  2 centaur simulacra (D:15)
  Sigmund (D:5)
  A water elemental (Elf:1)
  10 basilisks
  3 wraiths
  6 wyverns
  32 yaks
  Eustachio (D:5)
  4 hogs (D:8)
  A steam dragon (Lair:6)
  A human (D:8)
  2 hungry ghosts
  A vampire mosquito (D:15)
  2 nagas (Lair:4)
  An acid dragon (D:14)
  A warg (shapeshifter) (Elf:1)
  9 water moccasins
  7 porcupines
  5 hell hounds (Lair:6)
  4 sky beasts
  4 slaves
  4 black bears
  25 ice beasts
  27 orc warriors
  4 phantoms
  27 ogres
  An eye of draining (D:12)
  12 wolves
  4 centaurs
  13 crocodiles
  3 big kobolds
  14 bullfrogs
  4 scorpions
  3 wyvern skeletons
  3 electric eels
  4 howler monkeys
  5 crimson imps
  4 hounds
  7 lava snakes
  A quasit (D:11)
  5 jellies
  16 orc priests
  A bullfrog skeleton (D:10)
  3 centaur skeletons
  A gnoll shaman (D:8)
  Crazy Yiuf (D:5)
  6 orc wizards
  6 worker ants
  4 iguanas
  A killer bee zombie (D:8)
  2 hound skeletons
  A mummy (Ossuary)
  A worker ant zombie (D:10)
  2 gnolls (D:8)
  5 adders
  4 shadow imps
  An adder skeleton (D:5)
  A worm (D:3)
  3 dart slugs
  6 leopard geckos
  51 orcs
  3 bats
  7 giant cockroaches
  12 hobgoblins
  4 jackals (D:2)
  8 quokkas
  2 ball pythons
  2 frilled lizards
  7 gnoll skeletons (Ossuary)
  8 goblins
  16 kobolds
  7 kobold skeletons (Ossuary)
  11 orc skeletons (Ossuary)
  A quokka skeleton (D:8)
  A quokka zombie (D:7)
  5 rats
  A bush (Lair:5)
  10 fungi
  17 plants
726 creatures vanquished.

Vanquished Creatures (collateral kills)
  A vault guard (D:14)
  2 hydras (D:15)
  2 centaur warriors (D:15)
  5 two-headed ogres
  A skeletal warrior (D:13)
  An unseen horror (D:11)
  A wolf spider zombie (D:15)
  A cyclops (D:15)
  An oklob plant (D:11)
  An orc knight (Orc:1)
  3 deep elf magi
  A komodo dragon (D:15)
  2 trolls
  A basilisk (D:14)
  2 yaks
  A vampire (D:15)
  A vampire mosquito (D:15)
  7 orc warriors
  5 ogres
  3 centaurs
  A bullfrog (D:11)
  A big kobold (D:12)
  A howler monkey (D:9)
  2 crimson imps
  3 orc priests
  2 orc wizards
  A worker ant (D:14)
  18 orcs
  4 kobolds
  5 plants (D:11)
80 creatures vanquished.

Vanquished Creatures (others)
  A deep elf sorcerer (Elf:1)
  A hydra (Lair:5)
  A two-headed ogre (Orc:2)
  A yak (D:13)
  An orc (D:4)
  3 fungi
  8 plants (Lair:5)
16 creatures vanquished.

Grand Total: 822 creatures vanquished

Notes
Turn   | Place    | Note
-------+----------+-------------------------------------------
     0 | D:1      | Supahsalami the Minotaur Berserker began the quest for the Orb.
     0 | D:1      | Reached XP level 1. HP: 19/19 MP: 0/0
   190 | D:1      | Reached XP level 2. HP: 23/27 MP: 1/1
   200 | D:1      | Reached skill level 4 in Axes
   430 | D:1      | Reached ** piety under Trog
   755 | D:2      | Reached XP level 3. HP: 33/33 MP: 2/2
   998 | D:2      | Found a glowing golden altar of the Shining One.
  1527 | D:3      | Found a sparkling altar of Nemelex Xobeh.
  1589 | D:3      | You fall through a shaft for 3 floors!
  1613 | D:6      | Noticed a bullfrog
  1621 | D:6      | Killed a bullfrog
  1621 | D:6      | Reached skill level 5 in Axes
  1621 | D:6      | Reached XP level 4. HP: 35/41 MP: 3/3
  1660 | D:5      | Entered Level 5 of the Dungeon
  1709 | D:5      | Noticed a centaur
  2016 | D:6      | Reached XP level 5. HP: 47/47 MP: 4/4
  2078 | D:6      | Noticed an ice beast
  2131 | D:6      | Reached skill level 5 in Fighting
  2138 | D:6      | Killed an ice beast
  2138 | D:6      | Reached skill level 6 in Axes
  2138 | D:6      | Reached XP level 6. HP: 56/56 MP: 5/5
  2623 | D:5      | Noticed Eustachio
  2639 | D:4      | Found a shimmering altar of Xom.
  2657 | D:4      | Noticed an ice beast
  2672 | D:4      | Killed an ice beast
  2672 | D:4      | Reached skill level 7 in Axes
  2852 | D:4      | Reached XP level 7. HP: 62/62 MP: 6/6
  3009 | D:4      | Reached *** piety under Trog
  3318 | D:4      | Noticed Pikel
  3333 | D:4      | Killed Pikel
  3333 | D:4      | Reached skill level 8 in Axes
  3333 | D:4      | Reached skill level 5 in Armour
  3696 | D:5      | Killed Eustachio
  3696 | D:5      | Reached XP level 8. HP: 71/71 MP: 7/7
  3839 | D:5      | Noticed Sigmund
  3857 | D:5      | Killed Sigmund
  3857 | D:5      | Reached skill level 9 in Axes
  4258 | D:5      | Got a heavily runed tin ring
  4470 | D:5      | Found a runed door.
  4474 | D:5      | Noticed Crazy Yiuf
  4476 | D:5      | Killed Crazy Yiuf
  4684 | D:6      | Found a deep blue altar of Sif Muna.
  4746 | D:7      | Found a shadowy altar of Dithmenos.
  4920 | D:7      | Reached skill level 10 in Axes
  5441 | D:8      | Reached XP level 9. HP: 81/81 MP: 8/8
  5446 | D:8      | Noticed a five-headed hydra
  5452 | D:8      | Killed a five-headed hydra
  5452 | D:8      | Reached skill level 11 in Axes
  5524 | D:8      | Identified the ring "Udinuvoiha" {rCorr rElec Int+4 Dex+7} (You found it on level 5 of the Dungeon)
  5585 | D:8      | Found a sand-covered staircase.
  5593 | Ossuary  | Entered an ossuary
  5677 | Ossuary  | Reached **** piety under Trog
  5763 | Ossuary  | Reached skill level 12 in Axes
  6684 | D:8      | Noticed a two-headed ogre
  6689 | D:8      | Killed a two-headed ogre
  6689 | D:8      | Reached XP level 10. HP: 91/91 MP: 9/9
  6775 | D:7      | Found a stormy altar of Qazlal.
  6795 | D:7      | Found a glowing golden altar of the Shining One.
  6877 | D:7      | Found a staircase to the Ecumenical Temple.
  6886 | Temple   | Entered the Ecumenical Temple
  7722 | D:8      | Found an iron altar of Okawaru.
  7871 | D:8      | Reached skill level 13 in Axes
  8180 | D:8      | Reached skill level 10 in Fighting
  8245 | D:9      | Reached ***** piety under Trog
  8283 | D:10     | Entered Level 10 of the Dungeon
  8352 | D:9      | Found the cursed +14 obsidian axe {chop, +Fly SInv *Curse}
  8413 | D:9      | Noticed a two-headed ogre
  8419 | D:9      | Killed a two-headed ogre
  8527 | D:9      | Found an ornate altar of the Wu Jian Council.
  8683 | D:9      | Found Sinuduh's Gadget Boutique.
  8856 | D:10     | Noticed a two-headed ogre
  8859 | D:10     | Killed a two-headed ogre
  8859 | D:10     | Reached skill level 10 in Armour
  8863 | D:10     | Reached skill level 14 in Axes
  9085 | D:10     | Noticed Psyche
  9091 | D:10     | Killed Psyche
  9262 | D:10     | Noticed a centaur warrior
  9278 | D:10     | Killed a centaur warrior
  9278 | D:10     | Reached XP level 11. HP: 23/101 MP: 10/10
  9570 | D:11     | Noticed a two-headed ogre
  9574 | D:11     | Killed a two-headed ogre
  9594 | D:11     | Noticed a purple ugly thing
  9598 | D:11     | Killed a purple ugly thing
  9603 | D:11     | Found Pyffuasm's Assorted Antiques.
  9648 | D:11     | Noticed an unseen horror
  9662 | D:11     | Bought a scroll of teleportation for 63 gold pieces
  9662 | D:11     | Bought a scroll of remove curse for 63 gold pieces
  9695 | D:11     | Killed an unseen horror
  9732 | D:11     | Noticed an oklob plant
 10093 | D:10     | Found Uliom's Armour Shop.
 10935 | D:11     | Received a gift from Trog
 10974 | D:11     | Reached skill level 15 in Axes
 10981 | D:11     | Found Diudek's Magic Scroll Boutique.
 11113 | D:11     | Bought a scroll of fog for 32 gold pieces
 11113 | D:11     | Bought a scroll of summoning for 152 gold pieces
 11113 | D:11     | Bought a scroll of teleportation for 48 gold pieces
 11113 | D:11     | Bought a scroll of silence for 120 gold pieces
 11113 | D:11     | Bought a scroll of fear for 56 gold pieces
 11313 | D:13     | Noticed a tengu warrior
 11320 | D:13     | Killed a tengu warrior
 11712 | D:12     | Found a roughly hewn altar of Beogh.
 12083 | D:12     | Found a roughly hewn altar of Beogh.
 12104 | D:12     | Found a staircase to the Orcish Mines.
 12397 | D:12     | Reached XP level 12. HP: 112/112 MP: 4/11
 12449 | D:12     | Noticed a two-headed ogre
 12455 | D:12     | Killed a two-headed ogre
 12455 | D:12     | Reached skill level 16 in Axes
 12519 | D:12     | Noticed a two-headed ogre
 12528 | D:12     | Killed a two-headed ogre
 12537 | D:12     | Found Hianaddi's Gadget Emporium.
 12695 | D:11     | Found a staircase to the Lair.
 12957 | Lair:1   | Entered Level 1 of the Lair of Beasts
 13408 | D:13     | Noticed a centaur warrior
 13411 | D:13     | Killed a centaur warrior
 13479 | D:13     | Received a gift from Trog
 13626 | D:13     | Got a polished battleaxe {god gift}
 13627 | D:13     | Identified the +7 battleaxe of Autotheism {venom, *Rage rN+++ Dex-4 SInv} (Trog gifted it to you on level 13 of the Dungeon)
 13636 | D:13     | Found Viyx's Assorted Antiques.
 14053 | D:14     | Noticed a five-headed hydra
 14071 | D:14     | Killed an eight-headed hydra
 14206 | D:14     | Found a gate to the Vaults.
 14206 | D:14     | Noticed a vault guard
 14206 | D:14     | Noticed a vault guard
 14206 | D:14     | Noticed a vault guard
 14206 | D:14     | Noticed a vault guard
 14214 | D:14     | Killed a vault guard
 14218 | D:14     | Killed a vault guard
 14218 | D:14     | Killed a vault guard
 14218 | D:14     | Reached XP level 13. HP: 104/125 MP: 12/12
 14513 | D:15     | Entered Level 15 of the Dungeon
 14525 | D:15     | Noticed Sonja
 14540 | D:15     | Reached skill level 15 in Fighting
 14561 | D:15     | Reached skill level 15 in Armour
 14984 | D:15     | Killed Sonja
 15004 | D:15     | Found a staircase to the Depths.
 15004 | D:15     | Noticed a fire giant
 15077 | D:15     | Received a gift from Trog
 15874 | D:15     | Killed a fire giant
 16066 | D:11     | Bought a scroll of identify for 32 gold pieces
 16066 | D:11     | Bought a scroll of identify for 32 gold pieces
 16066 | D:11     | Bought 2 scrolls of identify for 64 gold pieces
 16066 | D:11     | Bought a scroll of remove curse for 48 gold pieces
 16066 | D:11     | Bought a scroll of identify for 32 gold pieces
 16136 | Orc:1    | Entered Level 1 of the Orcish Mines
 16215 | Orc:1    | Reached XP level 14. HP: 76/138 MP: 13/13
 16405 | Orc:1    | Found Bynicym's Antique Weapon Emporium.
 16434 | Orc:1    | Noticed Harold
 16454 | Orc:1    | Killed Harold
 16764 | Orc:2    | Entered Level 2 of the Orcish Mines
 17738 | Orc:2    | Found a staircase to the Elven Halls.
 17751 | Orc:2    | Received a gift from Trog
 17897 | Orc:2    | Found Laclih's Antique Weapon Shop.
 17897 | Orc:2    | Found Yseugan's Jewellery Shoppe.
 17898 | Orc:2    | Found Ducid's Food Shoppe.
 17898 | Orc:2    | Found Lebiff's Jewellery Boutique.
 17912 | Orc:2    | Reached skill level 17 in Axes
 18681 | Elf:1    | Entered Level 1 of the Elven Halls
 18684 | Elf:1    | Got a bloodstained robe
 18741 | Elf:1    | Found Hezifo's Weapon Shop.
 18839 | Elf:1    | Noticed a deep elf sorcerer
 18847 | Elf:1    | Killed a deep elf sorcerer
 19562 | Lair:2   | Found a frozen archway.
 19585 | IceCv    | Entered an ice cave
 19591 | IceCv    | Reached skill level 18 in Axes
 19605 | IceCv    | Reached XP level 15. HP: 133/147 MP: 4/14
 20613 | IceCv    | Got a flickering copper amulet
 20668 | IceCv    | Identified the amulet "Qimiq" {Faith rElec} (You found it in an ice cave)
 21489 | Lair:2   | Noticed Prince Ribbit
 21503 | Lair:2   | Killed Prince Ribbit
 21511 | Lair:2   | Found a runed gate.
 21511 | Lair:2   | Found a runed gate.
 21516 | Lair:2   | Found a runed gate.
 21527 | Lair:2   | Noticed Bukan's ghost (journeyman DEFE)
 22099 | Lair:2   | Received a gift from Trog
 22796 | Lair:4   | Noticed Nessos
 22812 | Lair:4   | Killed Nessos
 23207 | Lair:3   | Found a staircase to the Shoals.
 23661 | Lair:4   | Found a runed gate.
 23661 | Lair:4   | Found a runed gate.
 23666 | Lair:4   | Noticed Xodoxeg's ghost (journeyman NaWz)
 23720 | Lair:4   | Found a staircase to the Snake Pit.
 23745 | Lair:4   | Found a runed gate.
 23835 | Lair:4   | Noticed Nergalle
 23847 | Lair:4   | Killed Nergalle
 24209 | Snake:1  | Entered Level 1 of the Snake Pit
 24305 | Lair:5   | Reached skill level 19 in Axes
 24464 | Lair:6   | Entered Level 6 of the Lair of Beasts
 24667 | Lair:5   | Found a runed door.
 24668 | Lair:5   | Noticed Dukluodd's ghost (journeyman HaGl)
 25191 | Lair:6   | Found a viscous altar of Jiyva.
 25191 | Lair:6   | Found a staircase to the Slime Pits.
 25880 | Lair:6   | Reached XP level 16. HP: 101/159 MP: 5/15
 25903 | Lair:6   | Found a large runed door.
 26152 | Lair:6   | Found a large runed door.
 26267 | Lair:6   | Reached skill level 20 in Axes
 27077 | Slime:1  | Entered Level 1 of the Pits of Slime
 27400 | Lair:6   | Annihilated by an azure jelly

Vault maps used:
D:1:      matt_arrival_diagonals, minmay_misc_feat_plants
D:2:      marbit_many_paths, first_ration
D:3:      lemuel_crystal_altar
D:4:      corexii_shack_village, lemuel_doored_altar, uniq_pikel
D:5:      uniq_eustachio, uniq_sigmund, uniq_crazy_yiuf_cottage
D:6:      solitary_fountain, lemuel_blue_sif_altar
D:7:      nicolae_qazlal_style_of_elements, lemuel_temple_firewalk_a,
          basic_altar, grunt_dithmenos_smoke_and_mirrors
D:8:      okawaru_altar_gauntlet_db, enter_ossuary_5,
          minmay_misc_feat_diagonals, grunt_livestock, kennysheep_diamond,
          st_stairs_11
D:9:      overflow_temple_1_default, serial_shops, nicolae_shop_trees
D:10:     serial_shops, shop_coins, uniq_psyche
D:11:     dpeg_oklobed_lair, serial_shops, kennysheep_mini, nicolae_shop_crystal
D:12:     david_orc_5, serial_shops, nicolae_shop_crystal
D:13:     serial_shops, shop, fountainhead
D:14:     lightli_vaults_fourway_checkpoint
D:15:     grunt_enter_depths_giant_problem, minmay_misc_feat_doors,
          lab_entry_generic, uniq_sonja
Temple:   eino_temple_rhombus
Lair:1:   gammafunk_lair_bear_cave
Lair:2:   portal_ice_cave_entry_ice_beasts, gammafunk_ghost_necromancy,
          infiniplex_staircase_pool, uniq_prince_ribbit2
Lair:3:   shoals_dummy_entry
Lair:4:   guppyfry_snake_entry_island, gammafunk_ghost_split,
          infiniplex_staircase_pool_2, lemuel_fruit_tree, uniq_nergalle,
          uniq_nessos
Lair:5:   ebering_ghost_inner_flame, wad_woods_road_01
Lair:6:   cheibrodos_lair_end_hotspot, slime_altar_1
Snake:1:  nrook_guardian_serpent_snake_passage, st_stairs_12, library_closet
Orc:1:    serial_shops, nicolae_shop_stone, uniq_harold
Orc:2:    st_orc_ogre_mass
Elf:1:    serial_shops, nicolae_shop_trees, shop_scrolls,
          nicolae_shop_statue_plus, shop, shop, minivault_28
Ossuary:  ossuary_due_mausoleum
IceCv:    ice_cave_small_dragons

Skill      XL: |  1  2  3  4  5  6  7  8  9 10 11 12 13 14 15 16 |
---------------+-------------------------------------------------+-----
Fighting       | 4 5 6 8 9 10 12 14 16 17 18 | 18.8
Axes           | 4 5 6 7 8 10 12 14 15 16 18 19 20 | 20.2
Armour         | 3 4 6 7 9 10 11 14 16 17 18 | 18.6
Dodging        | |  2.2

Action                   |  1- 3 |  4- 6 |  7- 9 | 10-12 | 13-15 | 16-18 || total
-------------------------+-------+-------+-------+-------+-------+-------++-------
Melee: Hand axe          |    55 |    39 |   142 |       |       |       ||   236
       Headbutt          |     8 |     8 |    42 |    73 |   192 |    39 ||   362
       Flail             |    21 |     7 |    47 |       |       |       ||    75
       Halberd           |       |       |    41 |    63 |       |       ||   104
       Broad axe         |       |       |       |   268 |   214 |       ||   482
       Executioner's axe |       |       |       |       |   506 |   113 ||   619
Throw: Javelin           |       |       |    16 |    17 |    11 |       ||    44
       Throwing net      |       |       |     2 |     1 |     1 |       ||     4
       Tomahawk          |       |       |       |     5 |    75 |    10 ||    90
Invok: Berserk           |       |     2 |     6 |     3 |     4 |       ||    15
       Trog's Hand       |       |       |     3 |     4 |     4 |     1 ||    12
       Brothers in Arms  |       |       |       |     4 |     7 |       ||    11
Evoke: Wand              |       |       |     1 |       |     1 |       ||     2
  Use: Scroll            |     6 |       |     9 |    18 |    10 |     1 ||    44
       Potion            |       |       |       |     3 |     5 |     1 ||     9
 Stab: Distracted        |       |       |       |     2 |     5 |       ||     7
       Petrified         |       |       |       |       |     1 |       ||     1
  Eat: Chunk             |     2 |     2 |    17 |    35 |    35 |     2 ||    93
       Ration            |       |     1 |     1 |     1 |     1 |     1 ||     5
Armor: Leather armour    |    21 |     9 |     2 |       |       |       ||    32
       Animal skin       |     1 |       |       |       |       |       ||     1
       Ring mail         |       |       |    51 |    20 |       |       ||    71
       Scale mail        |       |       |       |    54 |       |       ||    54
       Plate armour      |       |       |       |    73 |   638 |   120 ||   831
       Chain mail        |       |       |       |       |     3 |       ||     3
Dodge: Dodged            |    52 |    22 |    87 |   145 |   344 |    74 ||   724
Block: Shield            |       |       |       |    49 |   111 |       ||   160

Table legend:
 A = Spawn XP
 B = Non-spawn XP
 C = Spawn XP percentage of total XP
 D = Spawn monster count
 E = Non-spawn monster count
 F = Spawn count percentage of total count
 G = Total turns spent on level
                    A         B        C        D         E        F      G
               +---------+---------+-------+---------+---------+-------+---------
         Total |       0 |  169737 |   0.0 |       0 |     773 |   0.0 | 27400
               +---------+---------+-------+---------+---------+-------+---------
           D:1 |       0 |      25 |   0.0 |       0 |      15 |   0.0 |   585
           D:2 |       0 |      25 |   0.0 |       0 |      13 |   0.0 |   613
           D:3 |       0 |      21 |   0.0 |       0 |      10 |   0.0 |   374
           D:4 |       0 |     842 |   0.0 |       0 |      23 |   0.0 |  1119
           D:5 |       0 |     672 |   0.0 |       0 |      14 |   0.0 |   948
           D:6 |       0 |     475 |   0.0 |       0 |      10 |   0.0 |  1057
           D:7 |       0 |     594 |   0.0 |       0 |      15 |   0.0 |  1242
           D:8 |       0 |    4545 |   0.0 |       0 |      38 |   0.0 |  1880
           D:9 |       0 |    1465 |   0.0 |       0 |      15 |   0.0 |   776
          D:10 |       0 |    3090 |   0.0 |       0 |      19 |   0.0 |  1573
          D:11 |       0 |    4868 |   0.0 |       0 |      31 |   0.0 |   966
          D:12 |       0 |    7974 |   0.0 |       0 |      83 |   0.0 |  1669
          D:13 |       0 |    6656 |   0.0 |       0 |      34 |   0.0 |   970
          D:14 |       0 |    9848 |   0.0 |       0 |      32 |   0.0 |   908
          D:15 |       0 |   20431 |   0.0 |       0 |      47 |   0.0 |  1028
        Lair:1 |       0 |    4509 |   0.0 |       0 |      22 |   0.0 |  1033
        Lair:2 |       0 |    3715 |   0.0 |       0 |      21 |   0.0 |   806
        Lair:3 |       0 |    3353 |   0.0 |       0 |      15 |   0.0 |   939
        Lair:4 |       0 |    7904 |   0.0 |       0 |      29 |   0.0 |   782
        Lair:5 |       0 |   11959 |   0.0 |       0 |      36 |   0.0 |   905
        Lair:6 |       0 |   28538 |   0.0 |       0 |      85 |   0.0 |  1910
       Snake:1 |       0 |    2220 |   0.0 |       0 |       4 |   0.0 |    57
       Slime:1 |       0 |    3466 |   0.0 |       0 |      13 |   0.0 |   317
         Orc:1 |       0 |    3595 |   0.0 |       0 |      29 |   0.0 |   967
         Orc:2 |       0 |   23068 |   0.0 |       0 |      56 |   0.0 |  1978
         Elf:1 |       0 |   10540 |   0.0 |       0 |      17 |   0.0 |   247
       Ossuary |       0 |     248 |   0.0 |       0 |      27 |   0.0 |   290
         IceCv |       0 |    5091 |   0.0 |       0 |      20 |   0.0 |  1304
               +---------+---------+-------+---------+---------+-------+---------
